 Dungeon Sprint DCSS version 0.27.1-33-g824d729ab1 (webtiles) character file.

Game seed: 6596263439389743849

4 Descartes the Ducker (level 1, -1/19 HPs)
             Began as a Djinni Warper on Dec 27, 2021.
             Killed from afar by a white imp (7 damage)
             ... with a puff of frost
             ... in the Dungeon (Sprint IX: "|||||||||||||||||||||||||||||").
             The game lasted 00:00:15 (28 turns).

Descartes the Ducker (Djinni Warper)                  Turns: 28, Time: 00:00:16

Health: -1/19      AC:  3    Str: 10    XL:     1   Next: 77%
Gold:   0          EV: 12    Int: 14    God:
                   SH:  0    Dex: 12

rFire    + + .     SeeInvis .   a - +0 falchion
rCold    x . .     Faith    .   (no shield)
rNeg     . . .     Spirit   .   b - +0 leather armour
rPois    ∞         Reflect  .   (no helmet)
rElec    .         Harm     .   (no cloak)
rCorr    .         Rampage  .   (no gloves)
Will     .....     NoTele   +   (boots unavailable)
Stlth    +.........             (no amulet)
HPRegen  0.06/turn              (no ring)
MPRegen  0.00/turn              (no ring)

@: flying
A: sickness immunity, fire resistance 2, cold vulnerability 1, float, innate
caster, hp casting, extra vitality 1
a: no special abilities


You were in the Dungeon.
You visited 1 branch

Inventory:

Hand Weapons
 a - a +0 falchion (weapon)
Missiles
 d - 5 boomerangs of dispersal (quivered)
Armour
 b - a +0 leather armour (worn)
Scrolls
 c - 2 scrolls of blinking
Potions
 e - a potion of curing
 f - a potion of heal wounds
 g - a potion of haste
 h - a potion of berserk rage


   Skills:
 + Level 2.7 Fighting
 - Level 1.7 Long Blades
 - Level 0.7 Throwing
 - Level 1.0 Armour
 + Level 3.0 Dodging
 + Level 2.8 Spellcasting


You couldn't memorise any spells.
You knew the following spells:

 Your Spells              Type           Power      Damage    Failure   Level
a - Blink                 Tloc           N/A        N/A       14%         2
b - Lesser Beckoning      Tloc           4%         N/A       28%         3
c - Gell's Gravitas       Tloc           4%         N/A       28%         3
d - Teleport Other        Tloc           9%         N/A       28%         3
e - Manifold Assault      Tloc           9%         N/A       95%         5
Your spell library was empty.

Dungeon Overview and Level Annotations

Branches:
Dungeon (1/1)

Altars:


Innate Abilities, Weirdness & Mutations

You are immune to sickness and miasma.
You are immune to poison.
Your flesh is very heat resistant. (rF++)
You are vulnerable to cold. (rC-)
You float through the air rather than walking.
You learn spells naturally, not from books.
Your magical power is your life essence.
You have superior vitality. (+4 HP)


Message History

You are too injured to fight recklessly!
You are too injured to fight recklessly!
You are too injured to fight recklessly!
You are too injured to fight recklessly!
You are too injured to fight recklessly!
You are too injured to fight recklessly!
You are too injured to fight recklessly!
You are too injured to fight recklessly!
You are too injured to fight recklessly!
You are too injured to fight recklessly!
You are too injured to fight recklessly!
You are too injured to fight recklessly!
You are too injured to fight recklessly!
You are too injured to fight recklessly!
You are too injured to fight recklessly!
You are too injured to fight recklessly!
You barely miss the kobold. The kobold hits you but does no damage.
You closely miss the kobold. The kobold barely misses you.
You closely miss the kobold.
The kobold hits you with a +0 short sword.
Unknown command.
You hit the kobold.
The kobold is moderately wounded.
The kobold completely misses you.
You riposte.
You miss the kobold.
The kobold is moderately wounded.
You hit the kobold.
You kill the kobold!
You barely miss the rat. The rat barely misses you.
You hit the rat.
You kill the rat!
Your Dodging skill increases to level 3!
Things that are here:
a +0 short sword; 5 stones You reach down and open the door.
An iguana, a black bear, an orc, a white imp and a howler monkey come into view.
The iguana hisses angrily.
The black bear growls angrily.
The white imp shouts, "Leave, thou yeasty hell-hated bloater!"
The white imp gestures at you. The puff of frost hits you!
You feel a terrible chill!
You die...

▓+▓
▓l▓
▓h▓
▓h▓
▓o▓
▓5▓
▓'▓
▓@▓
▓.▓
▓.▓
▓)▓
▓)▓
▓'▓
▓.▓
▓.▓
▓.▓


You could see a black bear, a howler monkey (wandering), an iguana, a white imp
and an orc.

Vanquished Creatures
  A goblin (D)
  A kobold (D)
  A ball python (D)
  2 rats (D)
5 creatures vanquished.

Notes
Turn   | Place    | Note
-------+----------+-------------------------------------------
     0 | D        | Descartes the Djinni Warper began the quest for the Orb.
     0 | D        | Reached XP level 1. HP: 18/18 MP: 0/0
    24 | D        | Reached skill level 3 in Dodging
    28 | D        | Noticed an iguana
    28 | D        | Noticed a howler monkey
    28 | D        | Noticed a black bear
    28 | D        | Killed from afar by a white imp

Illustrated notes

Levels and vault maps discovered:
D:        linesprint [early_d, line_temple, items_1, d_10, items_2, lair_1,
          lair_end, items_3, orc_1, orc_end, items_4, d_15, swamp_1, shoals_1,
          snake_1, spider_1, d_20, vaults_1, items_5, swamp_end, shoals_end,
          snake_end, spider_end, vaults_end, d_27, items_6, zot_1, zot_end,
          crypt_end, forest_end, elf_end, slime_end, tomb_end, abyss_end,
          pan_hell_end]

Skill      XL: |  1 |
---------------+----+-----
Dodging        | 3 |  3.0
Fighting       | |  2.7
Long Blades    | |  1.7
Throwing       | |  0.7
Armour         | |  1.0
Spellcasting   | |  2.8

Action                   || total
-------------------------++-------
Melee: Falchion          ||    18
Armor: Leather armour    ||     4
Dodge: Dodged            ||    11
       Rpst.: Falchion   ||     4
